 Dungeon Crawl Stone Soup version 0.23.0 (webtiles) character file.

Game seed: 9697041202958056194

1344 Borgoz the Skirmisher (level 8, 0/81 HPs)
             Began as a Kobold Monk on Feb 16, 2019.
             Slain by a two-headed ogre
             ... wielding a +0 giant club
              (6 damage)
             ... on level 6 of the Dungeon.
             The game lasted 00:10:26 (6597 turns).

Borgoz the Skirmisher (Kobold Monk)                 Turns: 6597, Time: 00:10:27

Health: 0/81       AC:  6    Str: 21    XL:     8   Next: 94%
Magic:  8/8        EV: 19    Int: 14    God:
Gold:   199        SH:  0    Dex: 18    Spells: 7/7 levels left

rFire    . . .     SeeInvis .   y - +1 dagger (venom)
rCold    . . .     Gourm    .   (shield restricted)
rNeg     . . .     Faith    .   s - +1 leather armour of the Souls {Int+3}
rPois    .         Spirit   .   (no helmet)
rElec    .         Reflect  .   (no cloak)
rCorr    .         Harm     .   k - +0 pair of gloves
MR       .....                  g - +0 pair of boots
Stlth    ..........             (no amulet)
HPRegen  0.23/turn              h - ring of attention (curse)
MPRegen  0.11/turn              l - +6 ring of strength

@: berserking, very quick
A: small, carnivore
a: no special abilities


You were on level 6 of the Dungeon.
You were very full.

You visited 1 branch of the dungeon, and saw 6 of its levels.

You collected 283 gold pieces.
You spent 84 gold pieces at shops.

Inventory:

Hand Weapons
 y - a +1 dagger of venom (weapon)
Missiles
 f - 10 poisoned needles
Armour
 g - a +0 pair of boots (worn)
 k - a +0 pair of gloves (worn)
 s - the +1 leather armour of the Souls (worn) {Int+3}
   (You found it on level 4 of the Dungeon)

   It affects your intelligence (+3).
Jewellery
 h - a cursed ring of attention (left hand)
 l - a +6 ring of strength (right hand)
 u - an uncursed ring of flight
 w - an uncursed ring of magical power
Wands
 b - a wand of random effects (18)
 B - a wand of flame (12)
Scrolls
 a - 2 scrolls of remove curse
 j - 3 scrolls of blinking
 q - 2 scrolls of teleportation
 t - 2 scrolls of enchant weapon
 v - a scroll of magic mapping
 A - a scroll of identify
Potions
 e - 4 potions of flight
 i - a potion of mutation {unknown}
 m - 2 potions of invisibility
 o - a potion of haste
 p - 3 potions of agility
 r - a potion of heal wounds
 x - a potion of ambrosia {unknown}
 z - a potion of cancellation {unknown}
Comestibles
 c - 8 rations


   Skills:
 * Level 7.8 Fighting
 + Level 7.3 Short Blades
 + Level 6.5 Dodging
 + Level 6.9 Stealth


You had 7 spell levels left.
You didn't know any spells.
Your spell library was empty.

Dungeon Overview and Level Annotations

Branches:
Dungeon (6/15)
 Temple: D:4-7

Altars:
Cheibriados
Fedhas
Gozag
Hepliaklqana
Makhleb
Okawaru
Qazlal
Sif Muna
Vehumet
Wu Jian
Zin
The Shining One

Shops:
D:4 ?


Innate Abilities, Weirdness & Mutations

You are small and have problems with some larger weapons.
You are carnivorous and can eat meat at any time.


Message History

The centaur zombie barely misses you.
You barely miss the centaur zombie.
The centaur zombie is moderately damaged.
You hit the two-headed ogre but do no damage.
The two-headed ogre is poisoned.
You hit the two-headed ogre.
The two-headed ogre is lightly wounded.
You hit the two-headed ogre.
The two-headed ogre is lightly wounded.
The two-headed ogre closely misses you.
The two-headed ogre hits you with a +0 giant club!!
A red film seems to cover your vision as you go berserk!
You feel yourself moving faster!
You feel mighty!
You puncture the two-headed ogre!
The two-headed ogre looks as sick as possible!
The two-headed ogre is moderately wounded.
The two-headed ogre hits you with a +0 giant club!!
* * * LOW HITPOINT WARNING * * *
The two-headed ogre hits you with a +0 giant club.
You die...

#.#.# #.#.# #.#
#.#.##########.# .#
#.#..........#.# .#
#.##[<#....#.#.# .#
#.##.##.##.#.#.# ##.##
#.##.##.#..#.#.# #...#
#......>##.#.#.###...#####
####.##.....@OZ...........
#.).....#.###.###........
#.#.....#.#...# #...#####
#.#.....#.#.### #...#
#.#.#.#.#.#.# #...#
#.#.#.###.#.# #...#
#.#.#...#.#.# #...#
#.#.....#.#.# #####
#.#######.#.#####


You could see a two-headed ogre and a centaur zombie.

Vanquished Creatures
  Prince Ribbit (D:5)
  Sigmund (D:4)
  A sky beast (D:6)
  An ogre (D:4)
  2 crimson imps
  3 hounds
  2 orc priests
  An orc wizard (D:5)
  3 bullfrog skeletons
  Jessica (D:3)
  2 worker ants
  A hound skeleton (D:5)
  A howler monkey skeleton (D:5)
  19 adders
  4 gnolls
  3 shadow imps
  An ooze (D:2)
  An adder skeleton (D:4)
  2 adder zombies
  7 worms
  2 dart slugs
  5 leopard geckos
  10 orcs
  8 bats
  8 giant cockroaches
  13 goblins
  4 hobgoblins
  5 jackals (D:5)
  10 kobolds
  5 quokkas
  A ball python (D:6)
  5 frilled lizards
  A giant cockroach zombie (D:6)
  A jackal zombie (D:5)
  A quokka skeleton (D:5)
  9 rats
145 creatures vanquished.

Notes
Turn   | Place    | Note
-------+----------+-------------------------------------------
     0 | D:1      | Borgoz the Kobold Monk began the quest for the Orb.
     0 | D:1      | Reached XP level 1. HP: 14/14 MP: 1/1
   254 | D:1      | Reached XP level 2. HP: 19/19 MP: 2/2
   864 | D:1      | Reached XP level 3. HP: 24/24 MP: 3/3
  1430 | D:2      | Reached XP level 4. HP: 19/29 MP: 4/4
  1634 | D:2      | Found a burning altar of Makhleb.
  2146 | D:2      | Reached XP level 5. HP: 25/34 MP: 5/5
  2543 | D:2      | Found an opulent altar of Gozag.
  2551 | D:2      | Found a glowing silver altar of Zin.
  2551 | D:2      | Found a radiant altar of Vehumet.
  2552 | D:2      | Found a blossoming altar of Fedhas.
  2554 | D:2      | Found a stormy altar of Qazlal.
  2556 | D:2      | Found a deep blue altar of Sif Muna.
  2619 | D:2      | Reached skill level 5 in Short Blades
  2997 | D:2      | Found a snail-covered altar of Cheibriados.
  3128 | D:3      | Noticed Jessica
  3134 | D:3      | Killed Jessica
  3134 | D:3      | Reached skill level 5 in Fighting
  3134 | D:3      | Reached XP level 6. HP: 40/40 MP: 6/6
  3464 | D:3      | Found a faded altar of an unknown god.
  3487 | D:3      | Found an ornate altar of the Wu Jian Council.
  3487 | D:3      | Found an iron altar of Okawaru.
  3668 | D:4      | Found a hazy altar of Hepliaklqana.
  3710 | D:4      | Got a distressingly furry leather armour
  3721 | D:4      | Identified the +1 leather armour of the Souls {Int+3} (You
                  | found it on level 4 of the Dungeon)
  3810 | D:4      | Noticed an ogre
  3820 | D:4      | Killed an ogre
  3820 | D:4      | Reached skill level 5 in Dodging
  3820 | D:4      | Reached XP level 7. HP: 21/44 MP: 7/7
  4018 | D:4      | Reached skill level 5 in Stealth
  4049 | D:4      | Found Muotz's Magic Scroll Emporium.
  4071 | D:4      | Bought a scroll of teleportation for 36 gold pieces
  4071 | D:4      | Bought a scroll of identify for 24 gold pieces
  4071 | D:4      | Bought a scroll of identify for 24 gold pieces
  4085 | D:4      | Found a glowing golden altar of the Shining One.
  4373 | D:4      | Noticed Sigmund
  4387 | D:4      | Killed Sigmund
  4873 | D:5      | Entered Level 5 of the Dungeon
  4987 | D:5      | Reached XP level 8. HP: 33/52 MP: 8/8
  5363 | D:5      | Noticed Prince Ribbit
  5391 | D:5      | Killed Prince Ribbit
  6578 | D:6      | Noticed a two-headed ogre
  6597 | D:6      | Slain by a two-headed ogre

Skill      XL: |  1  2  3  4  5  6  7  8 |
---------------+-------------------------+-----
Stealth        | 3 4 5 6 |  6.9
Dodging        | 4 5 6 |  6.5
Fighting       | 4 5 6 7 |  7.8
Short Blades   | 5 6 7 |  7.3

Action                   |  1- 3 |  4- 6 |  7- 9 || total
-------------------------+-------+-------+-------++-------
Melee: Short sword       |   110 |   169 |   169 ||   448
       Dagger            |       |       |   116 ||   116
  Use: Scroll            |     1 |     6 |     4 ||    11
       Potion            |       |       |     3 ||     3
 Stab: Sleeping          |     6 |    16 |     5 ||    27
  Eat: Chunk             |    10 |     8 |     8 ||    26
Armor: Robe              |    16 |    17 |       ||    33
       Leather armour    |       |     1 |    37 ||    38
Dodge: Dodged            |   100 |   149 |   173 ||   422
